 Dungeon Sprint DCSS version 0.21.2 (webtiles) character file.

217 Fang the Skirmisher (level 5, -3/39 HPs)
             Began as a Gargoyle Berserker on Sept 27, 2018.
             Was a High Priest of Trog.
             Slain by a wight
             ... wielding a +5 halberd of freezing
              (4 damage)
             ... in the Dungeon (Sprint VII: "The Pits").
             The game lasted 00:01:01 (829 turns).

Fang the Skirmisher (Gargoyle Berserker)             Turns: 829, Time: 00:01:03

Health: -3/39      AC: 17    Str: 20    XL:     5   Next: 94%
Magic:  5/5        EV:  7    Int:  8    God:    Trog [*****.]
Gold:   0          SH:  0    Dex: 10    Spells: 4/4 levels left

rFire    . . .     SeeInvis .   m - +0 hand axe (chop)
rCold    . . .     Gourm    .   (no shield)
rNeg     + . .     Faith    .   n - +2 plate armour
rPois    ∞         Spirit   .   (no helmet)
rElec    +         Reflect  .   (no cloak)
rCorr    .         Harm     .   (no gloves)
MR       .....     NoTele   +   (no boots)
Stlth    ..........             (no amulet)
HPRegen  0.13/turn              (no ring)
MPRegen  0.09/turn              (no ring)

@: berserk cooldown, starving, slowed, very slow
A: negative energy resistance 1, electricity resistance, unbreathing,
petrification resistance, rot immunity, AC +4
a: Berserk, Trog's Hand, Brothers in Arms, Burn Spellbooks, Renounce Religion


You were in the Dungeon.
You worshipped Trog.
Trog was extremely pleased with you.
You were starving.

You visited 1 branch

Inventory:

Hand Weapons
 j - a +2 hand axe
 m - a +0 hand axe of chopping (weapon)
Armour
 n - a +2 plate armour (worn)
Scrolls
 i - a scroll of blinking
 k - 3 scrolls of remove curse
 l - a scroll of summoning
Potions
 a - 2 potions of invisibility
 d - 6 potions of curing
 e - 6 potions of heal wounds
 f - a potion of haste
 g - 4 potions of magic
 h - 3 potions of berserk rage
Comestibles
 c - 9 rations


   Skills:
 + Level 7.8 Fighting
 + Level 7.5 Axes
 + Level 4.0 Armour
 + Level 4.4 Dodging


You had 4 spell levels left.
You didn't know any spells.

Dungeon Overview and Level Annotations

Branches:
Dungeon (1/1)

Altars:
Cheibriados
Dithmenos
Elyvilon
Fedhas
Gozag
Hepliaklqana
Makhleb
Nemelex Xobeh
Okawaru
Qazlal
Ru
Sif Muna
Trog
Vehumet
Wu Jian
Xom
Yredelemnul
Zin
The Shining One
Beogh
Jiyva
Lugonu


Innate Abilities, Weirdness & Mutations

You are resistant to torment.
Your stone body is resilient. (AC +4)
You are immune to poison.
You resist negative energy. (rN+)
You are resistant to electric shocks. (rElec)
You can survive without breathing.
You are immune to petrification.
You are immune to rotting.


Message History

The wight hits you with an enchanted great sword!
* * * LOW HITPOINT WARNING * * *
Something hits you but does no damage.
The orc wizard hits you but does no damage.
The wight barely misses you. Something completely misses you.
Something hits you but does no damage.
The orc wizard hits you but does no damage.
The crimson imp blinks!
You closely miss something. You closely miss the orc wizard.
You closely miss the wight. You miss something.
Something hits you but does no damage. The wight barely misses you.
Something hits you but does no damage. The orc wizard barely misses you.
You're too hungry.
You closely miss something. x2; You hit the wight.
You closely miss the orc wizard. Something hits you but does no damage.
The wight hits you but does no damage.
The wight hits you from afar with a halberd of freezing!
* * * LOW HITPOINT WARNING * * *
The wight freezes you.
You die...

#.#..'..#))#####'##
#.#..####))##......
#.#..#..#.)##......
#.#..#..#[[##......
#.##'#..#'###...<..
#.#........##......
#.#........##......
#'###########......
#.@zzz..# #######
#.{o#...# #..z# .#
#.##.# #.. #.. #..
5.. #.. ..+ ####
###


You could see 4 wights, an orc wizard and a crimson imp.

Vanquished Creatures
  An ice beast (D)
  A wight (D)
  2 orc priests (D)
  A river rat (D)
  A leopard gecko (D)
  A bat zombie (D)
  2 giant cockroaches (D)
  A hobgoblin (D)
  7 jackals (D)
  A bat (D)
  A rat (D)
19 creatures vanquished.

Notes
Turn   | Place    | Note
-------+----------+-------------------------------------------
     0 | D        | Fang the Gargoyle Berserker began the quest for the Orb.
     0 | D        | Reached XP level 1. HP: 14/14 MP: 1/1
    26 | D        | Reached ** piety under Trog
   127 | D        | Found a bloodstained altar of Trog.
   127 | D        | Found a deep blue altar of Sif Muna.
   127 | D        | Found a viscous altar of Jiyva.
   127 | D        | Found a hazy altar of Hepliaklqana.
   127 | D        | Found an opulent altar of Gozag.
   128 | D        | Found a glowing golden altar of the Shining One.
   128 | D        | Found a glowing silver altar of Zin.
   128 | D        | Found a basalt altar of Yredelemnul.
   128 | D        | Found a shimmering altar of Xom.
   128 | D        | Found an ornate altar of the Wu Jian Council.
   128 | D        | Found a sacrificial altar of Ru.
   128 | D        | Found a stormy altar of Qazlal.
   128 | D        | Found an iron altar of Okawaru.
   128 | D        | Found a sparkling altar of Nemelex Xobeh.
   128 | D        | Found a burning altar of Makhleb.
   128 | D        | Found a blossoming altar of Fedhas.
   128 | D        | Found a white marble altar of Elyvilon.
   128 | D        | Found a shadowy altar of Dithmenos.
   128 | D        | Found a snail-covered altar of Cheibriados.
   130 | D        | Found a radiant altar of Vehumet.
   130 | D        | Found a corrupted altar of Lugonu.
   130 | D        | Found a roughly hewn altar of Beogh.
   178 | D        | Reached XP level 2. HP: 14/20 MP: 2/2
   283 | D        | Reached *** piety under Trog
   289 | D        | Reached **** piety under Trog
   506 | D        | Noticed an ice beast
   509 | D        | Reached XP level 3. HP: 20/25 MP: 3/3
   517 | D        | Killed an ice beast
   517 | D        | Reached XP level 4. HP: 11/32 MP: 4/4
   517 | D        | Reached XP level 5. HP: 12/37 MP: 5/5
   809 | D        | Noticed a sky beast
   810 | D        | Noticed a sky beast
   812 | D        | Reached ***** piety under Trog
   829 | D        | HP: 1/39 [wight/halberd of freezing (10)]
   829 | D        | Slain by a wight

Skill      XL: |  1  2  3  4  5 |
---------------+----------------+-----
Axes           | 3 4 6 7 |  7.5
Fighting       | 4 6 7 |  7.8
Dodging        | 2 3 4 |  4.4
Armour         | 3 4 |  4.0

Action                   |  1- 3 |  4- 6 || total
-------------------------+-------+-------++-------
Melee: Hand axe          |    43 |    17 ||    60
Invok: Berserk           |     2 |     1 ||     3
Armor: Animal skin       |    21 |       ||    21
       Plate armour      |       |    26 ||    26
Dodge: Dodged            |    46 |     9 ||    55
